 Dungeon Crawl Stone Soup version 0.18.1-5-g4a78601 (webtiles) character file.

900 nubinia the Inquisitive (level 7, -1/33 HPs)
             Began as a Spriggan Artificer on May 14, 2016.
             Was a Follower of Pakellas.
             Killed by divine providence
             ... invoked by an orc priest
              (12 damage)
             ... on level 7 of the Dungeon.
             The game lasted 00:55:39 (8704 turns).

nubinia the Inquisitive (Spriggan Artificer)        Turns: 8704, Time: 00:55:40

Health: -1/33      AC:  3    Str:  7    XL:     7   Next: 79%
Magic:  13/13      EV: 22    Int: 11    God:    Pakellas [*.....]
Gold:   235        SH:  2    Dex: 19    Spells: 0 memorised, 6 levels left

rFire  . . .     SeeInvis +     a - +0 dagger (flame)
rCold  . . .     Gourm    .     o - +0 robe
rNeg   . . .     Faith    .     (shield restricted)
rPois  .         Spirit   .     (helmet restricted)
rElec  .         Dismiss  .     j - +0 cloak
rCorr  .         Reflect  +     (gloves unavailable)
SustAt .         Harm     .     (boots unavailable)
MR     +....                    l - +2 amulet of reflection
Stlth  ++++......               (no ring)
                                (no ring)

@: very quick, somewhat resistant to hostile enchantments, stealthy
A: unfitting armour, horns 1, see invisible, dopey 1, herbivore 3, speed 3, slow
metabolism 2, wild magic 1
a: Quick Charge, Renounce Religion


You were on level 7 of the Dungeon.
You worshipped Pakellas.
Pakellas was aware of your devotion.
You were not hungry.

You visited 2 branches of the dungeon, and saw 8 of its levels.
You also visited: Sewer.

You collected 235 gold pieces.

Inventory:

Hand Weapons
 a - a +0 dagger of flaming (weapon)
 b - a +0 blowgun
 m - a +0 short sword
Missiles
 p - 17 poisoned needles
 q - 57 stones (quivered)
Armour
 j - a +0 cloak (worn)
 o - a +0 robe (worn)
Jewellery
 l - a +2 amulet of reflection (around neck)
 x - a cursed amulet of inaccuracy {unknown}
Wands
 c - a wand of flame (5/48)
 d - a wand of enslavement (0/24)
 e - a wand of random effects (0/48)
 h - a wand of confusion (31/48)
Scrolls
 g - a scroll of teleportation
 t - a scroll of identify
 y - a scroll of magic mapping
Potions
 i - a potion of berserk rage {unknown}
 n - a potion of mutation
 r - a potion of resistance {unknown}
 s - 2 potions of curing
 v - a potion of heal wounds
 w - 4 potions of flight
 z - a potion of degeneration
 A - a potion of ambrosia
 B - a potion of magic {unknown}
 C - a potion of haste {unknown}
Books
 u - a book of the Tempests

   Spells                             Type                      Level
   a - Static Discharge               Conjuration/Air              3
   b - Lightning Bolt                 Conjuration/Air              5
   c - Fireball                       Conjuration/Fire             5
   d - Tornado                        Air                          9
   e - Shatter                        Earth                        9
Comestibles
 f - 2 bread rations
 k - 5 fruits


   Skills:
 + Level 1.5 Fighting
 + Level 2.6 Short Blades
 + Level 4.8 Throwing
 + Level 6.0 Dodging
 + Level 5.9 Stealth
 + Level 6.7 Evocations


You had 6 spell levels left.
You didn't know any spells.

Dungeon Overview and Level Annotations

Branches:
Dungeon (7/15)             Temple (1/1) D:5

Altars:
Ashenzari
Cheibriados
Dithmenos
Elyvilon
Fedhas
Gozag
Kikubaaqudgha
Makhleb
Okawaru
Pakellas
Qazlal
Ru
Sif Muna
Vehumet
Xom
Yredelemnul
Zin
The Shining One

Annotations:
D:4 Natasha, Robin
D:5 CcS's ghost, novice KoBe
D:6 Dowan; Duvessa; Sigmund


Innate Abilities, Weirdness & Mutations

You are tiny and cannot use many weapons and most armour.
You have supernaturally acute eyesight.
You are a herbivore.
You cover ground extremely quickly.
You need consume almost no food.
You have a pair of small horns on your head.
You are dopey. (Int -2)
Your spells are a little harder to cast, but a little more powerful.


Message History

Pakellas accepts your kill.
Evoke which item? (* to show all) (? for menu, Esc to quit)
Zapping:
h - a wand of confusion (33/48)
Press: ? - help, Shift-Dir - straight line, f - orc wizard
Aim: an orc wizard, wielding a dagger of venom and wearing a robe (fast, chance to defeat MR: 60%)
The orc wizard resists with significant effort.
This wand has 32 charges left.
The orc priest shouts!
The orc priest calls down the wrath of Beogh upon you.
Beogh smites you!
Evoke which item? (* to show all) (? for menu, Esc to quit)
Zapping:
h - a wand of confusion (32/48)
Press: ? - help, Shift-Dir - straight line, f - orc priest, p - orc wizard
Aim: an orc priest, wielding a flail and wearing a leather armour (chance to defeat MR: 60%)
The orc wizard appears confused.
This wand has 31 charges left.
You closely miss the orc wizard.
The orc priest mumbles some strange prayers to Beogh against you.
Beogh smites you!
You die...
Pakellas says: Back to the drawing board!

#..
#############..#
##.....#.......#
##o......(.....###
#@..o.....(.......
#......o........#
#.......(.......##
#........(o.......
#................#
##.........?<..#(.
##.......?((.....
#####........<.o
#............


You could see an orc priest, an orc wizard (confused) and an orc.

Vanquished Creatures
  Edmund (D:5)
  2 ogres
  A big kobold (Sewer)
  A howler monkey (D:5)
  A hound (D:4)
  An orc wizard (D:5)
  3 orc priests (D:5)
  A giant frog skeleton (D:7)
  Natasha (D:4)
  An iguana (D:5)
  A worker ant (D:5)
  9 adders
  A howler monkey skeleton (D:7)
  A river rat (Sewer)
  An ooze (D:1)
  2 worms
  A dart slug (D:1)
  5 giant geckos
  6 orcs
  A ball python (D:4)
  5 giant cockroaches
  12 goblins
  9 hobgoblins
  13 jackals
  3 quokkas
  13 bats
  2 giant gecko skeletons
  4 giant newts
  10 kobolds
  7 rats
119 creatures vanquished.

Vanquished Creatures (collateral kills)
  A howler monkey (D:4)
  An adder (D:4)
  2 orcs (D:4)
  2 jackals
  A goblin (D:4)
  A kobold (Sewer)
  2 rats
10 creatures vanquished.

Vanquished Creatures (others)
  An adder (D:4)
  A river rat (D:4)
  A worm (D:4)
  2 orcs (D:4)
  A jackal (Sewer)
  A rat (Sewer)
7 creatures vanquished.

Grand Total: 136 creatures vanquished

Notes
Turn   | Place    | Note
--------------------------------------------------------------
     0 | D:1      | nubinia the Spriggan Artificer began the quest for the Orb.
     0 | D:1      | Reached XP level 1. HP: 9/9 MP: 4/4
   429 | D:1      | Reached XP level 2. HP: 8/14 MP: 6/6
   918 | D:1      | Reached skill level 1 in Fighting
  1376 | D:1      | Reached XP level 3. HP: 18/18 MP: 7/7
  2020 | D:3      | Reached XP level 4. HP: 18/22 MP: 8/8
  2894 | D:2      | Found an opulent altar of Gozag.
  2963 | D:2      | Reached skill level 1 in Throwing
  3010 | D:2      | Found a white marble altar of Elyvilon.
  3173 | D:2      | Found a glowing golden altar of the Shining One.
  3506 | D:3      | Gained mutation: You are dopey. (Int -2) [potion of mutation]
  3506 | D:3      | Gained mutation: You have a pair of small horns on your head. [potion of mutation]
  3506 | D:3      | Gained mutation: Your spells are a little harder to cast, but a little more powerful. [potion of mutation]
  3525 | D:3      | Found a sacrificial altar of Ru.
  3693 | D:3      | Found a shimmering altar of Xom.
  4009 | D:3      | Reached XP level 5. HP: 22/25 MP: 9/9
  4058 | D:3      | Found a glowing silver altar of Zin.
  4230 | D:4      | Noticed Natasha
  4349 | D:4      | Noticed a phantom
  4398 | D:4      | Reached skill level 5 in Evocations
  4574 | D:4      | Found a glowing drain.
  4578 | Sewer    | Entered a sewer
  4657 | Sewer    | Reached XP level 6. HP: 30/30 MP: 9/11
  4800 | Sewer    | Found a white marble altar of Elyvilon.
  4944 | D:4      | Noticed Robin
  5080 | D:4      | Killed Natasha
  5445 | D:5      | Entered Level 5 of the Dungeon
  5536 | D:4      | Reached skill level 5 in Dodging
  5546 | D:4      | Noticed Natasha
  6120 | D:5      | Noticed CcS's ghost (novice KoBe)
  6255 | D:6      | Noticed Duvessa
  6255 | D:6      | Noticed Dowan
  6328 | D:5      | Found a staircase to the Ecumenical Temple.
  6334 | Temple   | Entered the Ecumenical Temple
  6380 | Temple   | Became a worshipper of Pakellas the Inventive
  6891 | D:5      | Noticed Edmund
  6978 | D:5      | Killed Edmund
  6978 | D:5      | Reached XP level 7. HP: 29/33 MP: 12/12
  7214 | D:5      | Reached skill level 5 in Stealth
  7319 | D:5      | Found an iron altar of Okawaru.
  8527 | D:6      | Noticed a wyvern
  8647 | D:6      | Noticed Sigmund
  8679 | D:7      | Reached * piety under Pakellas
  8679 | D:7      | Received a gift from Pakellas
  8704 | D:7      | Killed from afar by an orc priest

Skill      XL: |  1  2  3  4  5  6  7 |
---------------+----------------------+-----
Stealth        | 2 3 4 5 |  5.9
Fighting       | 1 |  1.5
Short Blades   | 2 |  2.6
Dodging        | 4 5 6 |  6.0
Throwing       | 2 3 4 |  4.8
Evocations     | 5 6 |  6.7

Action                   |  1- 3 |  4- 6 |  7- 9 || total
-------------------------+-------+-------+-------++-------
Melee: Short sword       |    66 |       |       ||    66
       Dagger            |    58 |    59 |    90 ||   207
       Headbutt          |       |     7 |    11 ||    18
 Fire: Blowgun           |       |   146 |    20 ||   166
Throw: Stone             |       |       |     9 ||     9
Evoke: Wand              |     4 |    46 |     2 ||    52
  Use: Scroll            |     1 |    10 |     1 ||    12
       Potion            |       |     4 |       ||     4
 Stab: Sleeping          |     7 |     1 |     7 ||    15
  Eat: Royal jelly       |       |     1 |       ||     1
       Pizza             |       |       |     2 ||     2
Armor: Robe              |    13 |    20 |     6 ||    39
Dodge: Dodged            |    89 |   154 |    62 ||   305
Block: Other             |       |     7 |     4 ||    11
